 Dungeon Crawl Stone Soup version 0.29-a0-25-g7f48f510a0 (webtiles) character file.

Game seed: 12803687700086875760

251 Ijustatesigmund the Skirmisher (level 6, 0/40 HPs)
             Began as a Gargoyle Fighter on Jan 31, 2022.
             Slain by a kobold brigand (3 damage)
             ... in a sewer.
             The game lasted 00:03:28 (2741 turns).

Ijustatesigmund the Skirmisher (Gargoyle Fighter)   Turns: 2741, Time: 00:03:28

Health: 0/40       AC: 12    Str: 21    XL:     6   Next: 13%
Magic:  6/6        EV:  9    Int:  9    God:
Gold:   63         SH:  4    Dex:  9    Spells: 5/5 levels left

rFire   . . .      SeeInvis .   a - +0 flail
rCold   . . .      Faith    .   c - +0 buckler
rNeg    + . .      Spirit   .   b - +0 scale mail
rPois   ∞          Reflect  .   (no helmet)
rElec   +          Harm     .   (no cloak)
rCorr   .          Rampage  .   g - +0 pair of gloves
Will    .....                   (no boots)
Stlth   ..........              (no amulet)
HPRegen 0.13/turn               (no ring)
MPRegen 0.10/turn               (no ring)

@: very slow
A: sickness immunity, AC +4, negative energy resistance 1, electricity
resistance, torment resistance 1, petrification resistance
a: no special abilities


You were in a sewer.
You visited 1 branch of the dungeon, and saw 3 of its levels.
You also visited: Sewer.

You collected 76 gold pieces.
You spent 13 gold pieces at shops.

Inventory:

Hand Weapons
 a - a +0 flail (weapon)
Missiles
 m - a curare-tipped dart (quivered)
Armour
 b - a +0 scale mail (worn)
 c - a +0 buckler (worn)
 g - a +0 pair of gloves (worn)
Scrolls
 j - a scroll of enchant weapon {unknown}
 k - 2 scrolls of magic mapping {unknown}
 l - a scroll of teleportation
 n - a scroll of enchant armour {unknown}
Potions
 d - a potion of might
 e - 2 potions of curing
 f - 3 potions of mutation
 h - a potion of haste
 i - a potion of lignification {unknown}


   Skills:
 + Level 5.6 Fighting
 * Level 4.6 Maces & Flails
 - Level 3.2 Armour
 - Level 3.2 Shields


You had 5 spell levels left.
You didn't know any spells.
Your spell library was empty.

Dungeon Overview and Level Annotations

Branches:
Dungeon (3/15)              Sewer (1/1)

Altars:
Elyvilon

Shops:
D:1 *


Innate Abilities, Weirdness & Mutations

You are immune to sickness and miasma.
Your stone body is resilient. (AC +4)
You are immune to poison.
You resist negative energy. (rN+)
You are resistant to electric shocks. (rElec)
You are resistant to unholy torment.
You are immune to petrification.


Message History

You are frozen.
You are too injured to fight recklessly!
You are too injured to fight recklessly!
You are too injured to fight recklessly!
You are too injured to fight recklessly!
You are too injured to fight recklessly!
You are too injured to fight recklessly!
You are too injured to fight recklessly!
You are too injured to fight recklessly!
You are too injured to fight recklessly!
You are too injured to fight recklessly!
You are too injured to fight recklessly!
You are too injured to fight recklessly!
You block the kobold brigand's attack.
You hit the kobold brigand but do no damage.
The kobold brigand is moderately wounded.
The kobold brigand splashes around in the water.
You hit the kobold brigand but do no damage.
The kobold brigand is moderately wounded.
You block the kobold brigand's attack.
Your unstable footing causes you to fumble your attack.
The kobold brigand hits you with a +0 short sword.
Your unstable footing causes you to fumble your attack.
The kobold brigand hits you but does no damage.
Your unstable footing causes you to fumble your attack.
The kobold brigand splashes around in the water.
The endoplasm jiggles.
The kobold brigand hits you with a +0 short sword.
You completely miss the kobold brigand.
The kobold brigand is moderately wounded.
The kobold brigand hits you with a +0 short sword.
* * * LOW HITPOINT WARNING * * *
You closely miss the kobold brigand.
The kobold brigand is moderately wounded.
The kobold brigand hits you with a +0 short sword.
* * * LOW HITPOINT WARNING * * *
You hit the kobold brigand but do no damage.
The kobold brigand is moderately wounded.
The kobold brigand hits you with a +0 short sword.
You die...

≈≈≈.≈##.≈≈.####≈..†)#####
≈≈≈..≈≈≈≈.## #####≈≈≈≈.#
.≈≈....≈≈## #######
..≈≈≈.≈.≈# .∩.≈≈≈≈≈≈#
...≈≈.≈≈≈# .....≈≈..##
####### ≈..≈≈≈..≈.##
#####≈≈≈≈.#
≈≈≈.≈##.≈.≈####.@KJ≈#
≈≈.≈####≈≈.≈≈≈≈≈###≈≈≈≈.#
≈≈..# #.≈≈..≈≈≈# #######
≈≈≈..# ##.≈...≈.###≈≈≈≈.#
≈≈≈≈≈. #######≈≈.≈≈#####
###.. #####≈)≈≈.# #######


You could see a kobold brigand and an endoplasm.

Vanquished Creatures
  2 kobold brigands (Sewer)
  An orc wizard (D:3)
  2 adders (Sewer)
  2 river rats
  A worm (D:2)
  A dart slug (D:1)
  2 orcs (D:3)
  2 bats
  5 endoplasms
  2 giant cockroaches
  A goblin (D:2)
  4 hobgoblins
  6 ball pythons
  4 frilled lizards
  7 kobolds
  6 rats
48 creatures vanquished.

Notes
Turn   | Place    | Note
-------+----------+-------------------------------------------
     0 | D:1      | Ijustatesigmund the Gargoyle Fighter began the quest for
                  | the Orb.
     0 | D:1      | Reached XP level 1. HP: 14/14 MP: 1/1
   346 | D:1      | Found Xeth's General Store.
   357 | D:1      | Bought a potion of degeneration for 13 gold pieces
   675 | D:1      | You fall into a shaft and drop 1 floor!
   684 | D:2      | Reached XP level 2. HP: 17/19 MP: 2/2
   789 | D:1      | Found a faded altar of an unknown god.
  1500 | D:2      | Reached XP level 3. HP: 24/24 MP: 3/3
  1522 | D:2      | Reached skill level 4 in Fighting
  1527 | D:2      | Found a white marble altar of Elyvilon.
  2009 | D:3      | Reached XP level 4. HP: 27/30 MP: 4/4
  2017 | D:3      | Found a glowing drain.
  2038 | Sewer    | Entered a sewer
  2430 | Sewer    | Noticed a kobold brigand
  2448 | Sewer    | Killed a kobold brigand
  2449 | Sewer    | Reached skill level 5 in Fighting
  2449 | Sewer    | Reached XP level 5. HP: 34/35 MP: 5/5
  2461 | Sewer    | Noticed a kobold brigand
  2479 | Sewer    | Killed a kobold brigand
  2480 | Sewer    | Reached XP level 6. HP: 40/40 MP: 6/6
  2741 | Sewer    | Slain by a kobold brigand

Illustrated notes

Levels and vault maps discovered:
D:1:      dpeg_arrival_three_smaller_balls, layout_basic,
          chequers_ecumenical_altar_twisty, serial_shops, shop, grunt_decor_cap,
          hangedman_decor_clover_reticule
D:2:      layout_basic, basic_altar
D:3:      layout_basic, serial_shops, nicolae_shop_waterfront,
          cheibrodos_sewer_entry_sluice, glass_columns_a, uniq_robin
Sewer:    sewer_co_tree

Skill      XL: |  1  2  3  4 |
---------------+-------------+-----
Fighting       | 4 5 |  5.6
Maces & Flails | 3 4 |  4.6
Armour         | |  3.2
Shields        | |  3.2

Action                   |  1- 3 |  4- 6 || total
-------------------------+-------+-------++-------
Melee: Flail             |    72 |   105 ||   177
  Use: Scroll            |     1 |     3 ||     4
Armor: Scale mail        |    40 |    35 ||    75
Dodge: Dodged            |    27 |    34 ||    61
Block: Buckler           |    12 |    19 ||    31

Table legend: (Time is in decaauts)
 A = Elapsed time spent in this place.
 B = Non-inter-level travel time spent in this place.
 C = Inter-level travel time spent in this place.
 D = Time resting spent in this place.
 E = Time spent auto-exploring this place.
 F = Levels seen in this place.
 G = Mean time per level.
                   A        B        C        D        E       F      G
               +--------+--------+--------+--------+--------+-----+--------+
         Total |   2898 |   2868 |     30 |     19 |   2385 |   4 |  724.5 |
       Dungeon |   2067 |   2037 |     30 |      2 |   1775 |   3 |  689.0 |
         Sewer |    831 |    831 |      0 |     17 |    610 |   1 |  831.0 |
               +--------+--------+--------+--------+--------+-----+--------+

Top non-repeatable levels by time:
     D:1: 1058 daAuts
     D:2: 850 daAuts
   Sewer: 831 daAuts
     D:3: 158 daAuts
